 Dungeon Crawl Stone Soup version 0.19.0-9-gfd783f2 (webtiles) character file.

69 nikopol the Digger (level 4, -7/24 HPs)
             Began as a Gargoyle Earth Elementalist on Nov 7, 2016.
             Killed from afar by an orc wizard (10 damage)
             ... with a magic dart
             ... on level 3 of the Dungeon.
             The game lasted 00:17:56 (1969 turns).

nikopol the Digger (Gargoyle Earth Elementalist)    Turns: 1969, Time: 00:17:57

Health: -7/24      AC:  5    Str: 11    XL:     4   Next: 20%
Magic:  1/9        EV: 12    Int: 17    God:
Gold:   110        SH:  0    Dex: 10    Spells: 2 memorised, 5 levels left

rFire  . . .     SeeInvis .     h - +0 dagger
rCold  . . .     Gourm    .     c - +0 robe
rNeg   + . .     Faith    .     (no shield)
rPois  ∞         Spirit   .     (no helmet)
rElec  +         Reflect  .     (no cloak)
rCorr  .         Harm     .     (no gloves)
MR     .....                    (no boots)
Stlth  ++........               (no amulet)
                                (no ring)
                                (no ring)

@: slowed, very slow
A: negative energy resistance 1, electricity resistance, unbreathing,
petrification resistance, rot immunity, AC +3
a: no special abilities


You were on level 3 of the Dungeon.
You were not hungry.

You visited 1 branch of the dungeon, and saw 3 of its levels.

You collected 110 gold pieces.

Inventory:

Hand Weapons
 h - a +0 dagger (weapon)
Missiles
 b - 104 stones (quivered)
Armour
 c - a +0 robe (worn)
Scrolls
 a - 5 scrolls of identify {unknown}
 i - 2 scrolls of teleportation {unknown}
 j - 2 scrolls of fog {unknown}
 o - a scroll of enchant armour {unknown}
Potions
 f - a potion of flight {unknown}
 l - a potion of mutation {unknown}
 m - a potion of curing {unknown}
 n - a potion of might {unknown}
 p - a potion of magic {unknown}
 q - a potion of agility {unknown}
Books
 e - a book of Geomancy

   Spells                             Type                      Level
   a - Sandblast                      Earth                        1
   b - Passwall                       Transmutation/Earth          2
   c - Stone Arrow                    Conjuration/Earth            3
   d - Petrify                        Transmutation/Earth          4
   e - Lee's Rapid Deconstruction     Earth                        5
Comestibles
 d - 4 bread rations
 g - a chunk of flesh
 k - a beef jerky


   Skills:
 - Level 1.7 Dodging
 - Level 2.4 Stealth
 * Level 3.3 Spellcasting
   Level 0.7 Transmutations
 + Level 4.3 Earth Magic


You had 5 spell levels left.
You knew the following spells:

 Your Spells              Type           Power        Failure   Level  Hunger
a - Sandblast             Erth           ###...       2%          1    None
b - Stone Arrow           Conj/Erth      ##....       21%         3    ###....


Dungeon Overview and Level Annotations

Branches:
Dungeon (3/15)

Altars:


Innate Abilities, Weirdness & Mutations

You are resistant to torment.
Your stone body is resilient. (AC +3)
You are immune to poison.
You resist negative energy. (rN+)
You are resistant to electric shocks. (rElec)
You can survive without breathing.
You are immune to petrification.
You are immune to rotting.


Message History

The orc wizard barely misses you.
The orc wizard hits you but does no damage.
The orc wizard points at you and mumbles some strange words.
You feel yourself slow down.
Things that are here:
a mace; a whip; an orc corpse The orc wizard gestures at you while chanting.
You feel as though you will be slow longer.
The orc wizard casts a spell at you.
You feel as though you will be slow longer.
Casting: Sandblast
Confirm with . or Enter, or press ? or * to list all spells.
You don't have enough magic to cast that spell.
The orc wizard gestures wildly while chanting.
The orc wizard seems to speed up.
A leopard gecko comes into view.
The leopard gecko moves out of view.
The orc wizard gestures at you while chanting.
The magic dart hits you!
You die...

# #############.##.#
#...).............
#.########o#.l...
#......#.@........
#####o.....#.#.#.#..##..
####..........#.#.#... ##.#
.......##.....#.#.#...# #.#
.......#........#.#...# #.#
.......#.....>..#.#...###.#
.........#####..#.#....##.#
.......###
#....#....##.#######
.........#
#.##......##........


You could see an orc wizard and a leopard gecko.

Vanquished Creatures
  2 adders
  4 dart slugs
  2 leopard geckos
  2 orcs (D:3)
  4 bats (D:1)
  3 giant cockroaches (D:1)
  6 goblins
  3 hobgoblins
  4 frilled lizards (D:2)
  4 kobolds
  5 rats
39 creatures vanquished.

Notes
Turn   | Place    | Note
-------+----------+-------------------------------------------
     0 | D:1      | nikopol the Gargoyle Earth Elementalist began the quest for the Orb.
     0 | D:1      | Reached XP level 1. HP: 10/10 MP: 3/3
   152 | D:1      | Reached XP level 2. HP: 15/15 MP: 1/5
   749 | D:1      | Reached skill level 4 in Earth Magic
   749 | D:1      | Reached XP level 3. HP: 18/19 MP: 3/6
   783 | D:1      | Learned a level 3 spell: Stone Arrow
  1641 | D:3      | Reached XP level 4. HP: 22/24 MP: 4/8
  1969 | D:3      | Killed from afar by an orc wizard

Skill      XL: |  1  2  3 |
---------------+----------+-----
Earth Magic    | 4 |  4.3
Spellcasting   | 3 |  3.3
Dodging        | |  1.7
Stealth        | |  2.4
Transmutations | |  0.7

Action                   |  1- 3 |  4- 6 || total
-------------------------+-------+-------++-------
Melee: Dagger            |    40 |    18 ||    58
 Cast: Sandblast         |    61 |    22 ||    83
  Eat: Chunk             |     3 |     1 ||     4
Armor: Robe              |    25 |     9 ||    34
Dodge: Dodged            |    36 |    17 ||    53
